[Event "Titled Tuesday Blitz March 01 Late 2022"]
[White "Desideri, Ricardo Maruchi"]
[Black "Ribeiro, Matheus Mendes Domingues"]
[WhiteFideId "2110440"]
[BlackFideId "324226923"]
[WhiteElo "1945"]
[BlackElo "1886"]
[Result "0-1"]
[Round "04"]
[TimeControl "180+1"]
[Date "2022.03.02"]
[WhiteClock "0:01:51"]
[BlackClock "0:02:31"]

1. e4 c5 2. Nf3 e6 3. d4 cxd4 4. Nxd4 Nc6 5. Nc3 Nf6 6. Be3 Bb4 7. Nxc6 bxc6 8. e5 Nd5 9. Qg4 Qa5 10. Qxg7 Bxc3+ 11. Kd1 Nxe3+ 12. fxe3 Qxe5 0-1


[Site "https://www.chess.com"]

[Event "Titled Tuesday Blitz March 01 Late 2022"]
[White "Dias, Joao Batista"]
[Black "Zhurbinsky, David"]
[WhiteFideId "2108240"]
[BlackFideId "2072904"]
[WhiteElo "1898"]
[BlackElo "2525"]
[Result "0-1"]
[Round "04"]
[TimeControl "180+1"]
[Date "2022.03.02"]
[WhiteClock "0:02:27"]
[BlackClock "0:01:12"]

1. e4 e5 2. Nf3 Nc6 3. Bc4 Bc5 4. O-O d6 5. h3 Nf6 6. d3 O-O 7. c3 a6 8. Bg5 h6 9. Bxf6 Qxf6 10. Nbd2 Be6 11. b3 Bd7 12. Bd5 Nd8 13. b4 Ba7 14. Nh2 c6 15. Bb3 Ne6 16. Qf3 Nf4 17. Ng4 Qg5 18. Nc4 h5 19. Nge3 Nxh3+ 20. Kh2 Nf4 21. Nxd6 Qh4+ 22. Kg1 Bg4 23. Qg3 Ne2# 0-1


[Site "https://www.chess.com"]

[Event "Titled Tuesday Blitz March 01 Late 2022"]
[White "Dobre, Claudiu-Cristian"]
[Black "Peatman, Carter"]
[WhiteFideId "1211854"]
[BlackFideId "2096480"]
[WhiteElo "2207"]
[BlackElo "2288"]
[Result "1-0"]
[Round "04"]
[TimeControl "180+1"]
[Date "2022.03.02"]
[WhiteClock "0:00:39"]
[BlackClock "0:00:10"]

1. c4 Nf6 2. Nc3 Nc6 3. d4 e5 4. d5 Ne7 5. e4 d6 6. h4 Neg8 7. h5 c6 8. Nge2 Bg4 9. h6 Nxh6 10. Bxh6 gxh6 11. f3 Bd7 12. g4 Qb6 13. Qd2 O-O-O 14. Ng3 Kb8 15. O-O-O Rg8 16. Kb1 c5 17. Bd3 Qa5 18. Rh2 Re8 19. Rdh1 Qd8 20. Bc2 a6 21. Ba4 Bxa4 22. Nxa4 Nd7 23. Nf5 Qf6 24. a3 Rg6 25. Ka2 Rc8 26. Qd3 Ka7 27. Rb1 Be7 28. b4 Bd8 29. Qc3 Qg5 30. b5 axb5 31. Rxb5 b6 32. Rhb2 Qf4 33. Qb3 Rb8 34. Nc3 h5 35. Qa4+ Kb7 36. Ra5 Kc8 37. Ra7 Bc7 38. Qc6 1-0


[Site "https://www.chess.com"]

[Event "Titled Tuesday Blitz March 01 Late 2022"]
[White "Donatti, Alvaro"]
[Black "Alfaro, William"]
[WhiteFideId "3000303"]
[BlackFideId "6100457"]
[WhiteElo "2138"]
[BlackElo "2066"]
[Result "0-1"]
[Round "04"]
[TimeControl "180+1"]
[Date "2022.03.02"]
[WhiteClock "0:00:01"]
[BlackClock "0:00:28"]

1. e4 c5 2. Nf3 Nc6 3. d4 cxd4 4. Nxd4 Nf6 5. Nc3 e5 6. Ndb5 d6 7. Nd5 Nxd5 8. exd5 Ne7 9. Qf3 Nf5 10. Qc3 Kd7 11. Bd3 g6 12. g4 Nh4 13. Nc7 Nf3+ 14. Kf1 Qxc7 15. Bb5+ Kd8 16. Qxf3 a6 17. Qf6+ Qe7 18. Qxh8 axb5 19. Bh6 Ke8 20. h3 b6 21. Bxf8 Qxf8 22. Qf6 Bb7 23. Qf3 f5 24. Qd3 Ba6 25. Kg1 Kd7 26. Qe3 Rb8 27. a4 b4 28. a5 b5 29. Qa7+ Bb7 30. a6 Qc8 31. axb7 Qc7 32. Qa5 Qc5 33. Qa8 Qc7 34. Qa5 Qc5 35. Qa6 Qxd5 36. Kh2 Rxb7 37. Rhd1 Qf3 38. Qxd6+ Ke8 39. Qxe5+ Kf7 40. Qc5 Qf4+ 41. Kh1 Qf3+ 0-1


[Site "https://www.chess.com"]

[Event "Titled Tuesday Blitz March 01 Late 2022"]
[White "Dong, Bao Nghia"]
[Black "Melkumyan, Hrant"]
[WhiteFideId "12400343"]
[BlackFideId "13302485"]
[WhiteElo "2360"]
[BlackElo "2604"]
[Result "0-1"]
[Round "04"]
[TimeControl "180+1"]
[Date "2022.03.01"]
[WhiteClock "0:00:56"]
[BlackClock "0:01:48"]

1. d4 Nf6 2. c4 g6 3. Nc3 Bg7 4. e4 d6 5. Nf3 O-O 6. Be2 c5 7. dxc5 dxc5 8. Be3 b6 9. O-O Nc6 10. a3 Bb7 11. Qd2 Ng4 12. Rfd1 Nxe3 13. Qxe3 Nd4 14. Nb5 e5 15. Nc3 f5 16. Nd5 Bxd5 17. exd5 Nc2 18. Qb3 Nxa1 19. Rxa1 e4 20. Nd2 Bd4 21. Nf1 f4 22. Bg4 Qg5 23. Be6+ Kh8 24. Re1 e3 25. fxe3 fxe3 26. Nxe3 Rf3 27. h4 Rxe3 0-1


[Site "https://www.chess.com"]

[Event "Titled Tuesday Blitz March 01 Late 2022"]
[White "Elissalt Cardenas, Hector"]
[Black "Djokic, Mihailo"]
[WhiteFideId "3500632"]
[BlackFideId "976440"]
[WhiteElo "2159"]
[BlackElo "2008"]
[Result "0-1"]
[Round "04"]
[TimeControl "180+1"]
[Date "2022.03.02"]
[WhiteClock "0:00:09"]
[BlackClock "0:00:18"]

1. d4 Nf6 2. c4 d6 3. Nf3 g6 4. Nc3 Bg7 5. Bg5 O-O 6. Qd2 c5 7. d5 Bf5 8. Bh6 Bxh6 9. Qxh6 Qb6 10. Qd2 Nbd7 11. e3 Ne4 12. Nxe4 Bxe4 13. Be2 Nf6 14. O-O Rfd8 15. Ne1 Bf5 16. f3 a6 17. e4 Bd7 18. Nd3 e6 19. b3 exd5 20. cxd5 Re8 21. Nb2 Bb5 22. Bc4 Qc7 23. a4 Bxc4 24. Nxc4 b5 25. Qa5 Qe7 26. axb5 axb5 27. Qxa8 Rxa8 28. Rxa8+ Kg7 29. Na5 Qe5 30. Nc6 Qc3 31. Rfa1 Qxb3 32. R1a7 Qe3+ 33. Kf1 c4 34. Nd8 Qd3+ 35. Kg1 c3 36. Nxf7 Qd4+ 37. Kf1 c2 38. Ne5+ Kh6 39. Nf7+ Kh5 0-1


[Site "https://www.chess.com"]

[Event "Titled Tuesday Blitz March 01 Late 2022"]
[White "Erdogdu, Mert"]
[Black "Sarkar, Justin"]
[WhiteFideId "6301495"]
[BlackFideId "2010011"]
[WhiteElo "2485"]
[BlackElo "2038"]
[Result "1-0"]
[Round "04"]
[TimeControl "180+1"]
[Date "2022.03.02"]
[WhiteClock "0:00:49"]
[BlackClock "0:00:01"]

1. e4 e5 2. Nf3 Nc6 3. Bc4 Nf6 4. d3 Bc5 5. O-O h6 6. a4 d6 7. c3 a5 8. Nbd2 O-O 9. h3 Ba7 10. Re1 Ne7 11. Nf1 Ng6 12. Ng3 c6 13. d4 exd4 14. Nxd4 d5 15. exd5 Nxd5 16. Nh5 Qh4 17. Bxd5 cxd5 18. Be3 Bd7 19. Nc2 Bxa4 20. Bxa7 Bxc2 21. Qxc2 Rxa7 22. Ng3 b5 23. Qf5 Qc4 24. Rad1 b4 25. cxb4 Qxb4 26. Re2 a4 27. Qxd5 Nf4 28. Qf3 Nxe2+ 29. Qxe2 a3 30. bxa3 Qxa3 31. Nf5 Qc5 32. Qg4 Qe5 33. Nxh6+ Kh7 34. Nf5 Qf6 35. Rd6 Ra1+ 36. Kh2 Qe5+ 37. f4 1-0


[Site "https://www.chess.com"]

[Event "Titled Tuesday Blitz March 01 Late 2022"]
[White "Ezat, Mohamed"]
[Black "Sjugirov, Sanan"]
[WhiteFideId "10600906"]
[BlackFideId "4189302"]
[WhiteElo "2386"]
[BlackElo "2602"]
[Result "1-0"]
[Round "04"]
[TimeControl "180+1"]
[Date "2022.03.01"]
[WhiteClock "0:01:17"]
[BlackClock "0:00:01"]

1. d4 Nf6 2. c4 e6 3. Nc3 Bb4 4. e3 O-O 5. a3 Bxc3+ 6. bxc3 d6 7. Bd3 e5 8. f3 c5 9. Ne2 Nc6 10. O-O h6 11. e4 Re8 12. Rb1 b6 13. Qc2 Ba6 14. f4 Na5 15. fxe5 dxe5 16. d5 Bxc4 17. Ng3 Bxd3 18. Qxd3 Nb7 19. Qf3 Nd6 20. Bxh6 gxh6 21. Qxf6 Qxf6 22. Rxf6 Nc4 23. Rbf1 Rf8 24. Nf5 Nd2 25. Re1 Nc4 26. Rf1 Nd2 27. Re1 Nc4 28. Rxh6 b5 29. Rh4 Rab8 30. Rf1 Rb6 31. Rf3 Rg6 32. Rfh3 1-0


[Site "https://www.chess.com"]

[Event "Titled Tuesday Blitz March 01 Late 2022"]
[White "Gareyev, Timur"]
[Black "Niemann, Hans Moke"]
[WhiteFideId "14200937"]
[BlackFideId "2093596"]
[WhiteElo "2586"]
[BlackElo "2636"]
[Result "1-0"]
[Round "04"]
[TimeControl "180+1"]
[Date "2022.03.01"]
[WhiteClock "0:00:16"]
[BlackClock "0:00:02"]

1. d4 g6 2. e4 Bg7 3. h4 d5 4. e5 h5 5. c3 Nh6 6. Bd3 c5 7. Ne2 Nc6 8. O-O Nf5 9. Bg5 cxd4 10. cxd4 O-O 11. Nbc3 Be6 12. Bxf5 Bxf5 13. Qb3 Bd3 14. Rad1 Bxe2 15. Nxe2 Qd7 16. Nf4 e6 17. g4 hxg4 18. Qg3 Nxd4 19. Rxd4 Bxe5 20. Rdd1 f6 21. Bh6 g5 22. hxg5 fxg5 23. Bxg5 Rf5 24. Qxg4 Bxf4 25. Bxf4+ Kf7 26. Bg3 Rg8 27. Qh3 Qb5 28. Rfe1 Qxb2 29. Rb1 Qxf2+ 30. Kh1 Qf3+ 31. Kh2 Rh5 32. Rxb7+ 1-0


[Site "https://www.chess.com"]

[Event "Titled Tuesday Blitz March 01 Late 2022"]
[White "Gerbelli Neto, Eduardo"]
[Black "Mikhalsky, Vladimir"]
[WhiteFideId "2103281"]
[BlackFideId "14144352"]
[WhiteElo "2178"]
[BlackElo "2248"]
[Result "0-1"]
[Round "04"]
[TimeControl "180+1"]
[Date "2022.03.02"]
[WhiteClock "0:00:04"]
[BlackClock "0:00:17"]

1. e4 g6 2. Nc3 c5 3. f4 Nc6 4. Nf3 Bg7 5. Bc4 e6 6. f5 gxf5 7. d3 h6 8. O-O Nge7 9. Qe1 a6 10. Qh4 b5 11. Bb3 Bb7 12. Be3 Nd4 13. Bxd4 cxd4 14. Ne2 Qc7 15. Kh1 Ng6 16. Qf2 fxe4 17. Nfxd4 O-O 18. dxe4 Bxe4 19. c3 Be5 20. Ng3 Bxg3 21. hxg3 d5 22. Rae1 Qe5 23. Nf3 Qh5+ 24. Kg1 f5 25. Nd4 Ne5 26. g4 Nxg4 27. Qg3 Qg6 28. Bd1 Kh7 29. Bf3 Rg8 30. Bxg4 Qxg4 31. Qxg4 Rxg4 32. Rf2 Rag8 33. Ree2 R8g6 34. b3 h5 35. Kh2 h4 36. Kh3 Rg3+ 37. Kxh4 Rxc3 0-1


[Site "https://www.chess.com"]

[Event "Titled Tuesday Blitz March 01 Late 2022"]
[White "Glavina, Pablo"]
[Black "Atanejhad, Sahebali"]
[WhiteFideId "100234"]
[BlackFideId "12506664"]
[WhiteElo "2369"]
[BlackElo "1978"]
[Result "1/2-1/2"]
[Round "04"]
[TimeControl "180+1"]
[Date "2022.03.02"]
[WhiteClock "0:00:07"]
[BlackClock "0:00:02"]

1. e4 c5 2. Nf3 g6 3. d4 cxd4 4. Nxd4 Nc6 5. c4 Nf6 6. Nc3 Nxd4 7. Qxd4 d6 8. Be3 Bg7 9. Be2 O-O 10. Qd2 Be6 11. O-O Qa5 12. f4 Rfc8 13. b3 a6 14. Nd5 Qxd2 15. Bxd2 Nxd5 16. exd5 Bxa1 17. dxe6 Bd4+ 18. Kh1 fxe6 19. Bg4 Kg7 20. Bxe6 Rf8 21. Re1 b5 22. Bd5 Ra7 23. g3 Bf6 24. Be3 Rc7 25. Bb6 Rcc8 26. Bg1 bxc4 27. Bxc4 d5 28. Bxd5 Rc2 29. a4 Rd8 30. Bc4 Rdd2 31. Bxa6 Kf8 32. b4 Bd4 33. Bxd4 Rxd4 34. Rb1 Rdd2 35. Bf1 Rxh2+ 36. Kg1 Rb2 37. Ra1 Rhc2 38. a5 Rxb4 39. a6 Rb8 40. a7 Ra8 41. Bg2 Rcc8 42. Kf2 Kf7 43. Bb7 Rd8 44. Bxa8 Rxa8 45. Ke3 Ke6 46. Kd4 Kd6 47. Kc4 Kc6 48. Re1 Rxa7 49. Re6+ Kd7 50. Rb6 Rc7+ 51. Kd4 Rc6 52. Rb7+ Ke6 53. Rb8 Rd6+ 54. Ke4 Ra6 55. Rh8 h5 56. Rh6 Kf6 57. f5 Ra4+ 58. Kf3 Kxf5 59. Rh7 Ra3+ 60. Kg2 e5 61. Re7 Kg4 62. Rxe5 Ra2+ 63. Kf1 g5 64. Rb5 Ra3 65. Kf2 Rf3+ 66. Kg2 Rxg3+ 67. Kh2 Rh3+ 68. Kg2 Ra3 69. Kh2 Ra2+ 70. Kg1 Kh3 71. Rxg5 h4 72. Rg8 Ra1+ 73. Kf2 Kh2 74. Rh8 h3 75. Kf3 Ra6 76. Kf2 Rf6+ 77. Ke3 Rg6 78. Kf2 Rg2+ 79. Kf3 Rg7 80. Kf2 Rf7+ 81. Ke3 Kg2 82. Ke2 Rf2+ 83. Ke1 Rf1+ 84. Ke2 Rf7 85. Rg8+ Kh2 86. Rh8 Kg2 87. Rg8+ Kh1 88. Rh8 h2 89. Rg8 Ra7 90. Kf1 Ra1+ 91. Kf2 Rg1 92. Rh8 Rg7 93. Kf1 Rf7+ 94. Ke2 Kg1 95. Rg8+ Kh1 96. Rh8 Re7+ 97. Kf2 Rf7+ 98. Ke1 Re7+ 99. Kf2 Rf7+ 100. Ke2 1/2-1/2


[Site "https://www.chess.com"]

[Event "Titled Tuesday Blitz March 01 Late 2022"]
[White "Gledura, Benjamin"]
[Black "Martinez Alcantara, Jose Eduardo"]
[WhiteFideId "712779"]
[BlackFideId "3805662"]
[WhiteElo "2326"]
[BlackElo "2690"]
[Result "0-1"]
[Round "04"]
[TimeControl "180+1"]
[Date "2022.03.01"]
[WhiteClock "0:00:01"]
[BlackClock "0:00:19"]

1. d4 Nf6 2. Nf3 e6 3. g3 b5 4. Bg2 Bb7 5. O-O Be7 6. c3 O-O 7. a4 b4 8. c4 a5 9. b3 d6 10. Bb2 Nbd7 11. Nbd2 Rb8 12. Qc2 c5 13. e4 cxd4 14. Nxd4 Qb6 15. Nb5 Nc5 16. Rfe1 Rfc8 17. Rad1 Rd8 18. h3 Rbc8 19. Kh2 Bc6 20. Nd4 Ba8 21. f4 g6 22. Re2 Ncd7 23. Nb5 Bc6 24. Bd4 Nc5 25. Qb2 Ne8 26. Rf1 Qb8 27. Qb1 e5 28. Ba1 f6 29. Ref2 Ne6 30. Kh1 Qb6 31. Qd3 Bxb5 32. cxb5 Nc5 33. Qd5+ Kg7 34. Nc4 Qa7 35. Qd1 Ne6 36. h4 Rxc4 37. bxc4 Nc5 38. h5 Qd7 39. Qd5 Nc7 40. Qd1 Qe6 41. f5 Qxc4 42. fxg6 hxg6 43. Qg4 Qf7 44. Kg1 N7e6 45. hxg6 Qxg6 46. Qxg6+ Kxg6 47. Bh3 Kg7 48. Bxe6 Nxe6 49. Rd1 Nc5 50. Kg2 Nxe4 51. Rc2 Nc5 52. b6 Rb8 53. Kf3 Rxb6 0-1


[Site "https://www.chess.com"]

[Event "Titled Tuesday Blitz March 01 Late 2022"]
[White "Goltsev, Dmitry"]
[Black "Brunner, Nicolas"]
[WhiteFideId "24176710"]
[BlackFideId "620246"]
[WhiteElo "2618"]
[BlackElo "2463"]
[Result "1/2-1/2"]
[Round "04"]
[TimeControl "180+1"]
[Date "2022.03.02"]
[WhiteClock "0:00:15"]
[BlackClock "0:00:11"]

1. e4 e5 2. Nf3 Nc6 3. Bb5 a6 4. Ba4 Nf6 5. O-O Be7 6. Re1 b5 7. Bb3 d6 8. c3 O-O 9. h3 Nb8 10. d4 Nbd7 11. Nbd2 Bb7 12. a4 Re8 13. dxe5 Nxe5 14. Nd4 c6 15. Nf5 Nd3 16. Re3 Nxc1 17. Rxc1 Bf8 18. Rg3 g6 19. Qf3 d5 20. exd5 cxd5 21. axb5 axb5 22. Nd4 Qb6 23. Nf1 Ne4 24. Rg4 Bg7 25. Nc2 f5 26. Rf4 Bh6 27. Nfe3 Bxf4 28. Nxd5 Bxd5 29. Bxd5+ Kg7 30. Qxf4 Rad8 31. Ne3 Nf6 32. Bf3 Ne4 33. Ra1 Rd7 34. g4 Qd6 35. Qxd6 Nxd6 36. Bc6 Rxe3 37. fxe3 Re7 38. gxf5 gxf5 39. Kf2 Rc7 40. Ra6 Kf6 41. Bxb5 Ke5 42. Bd3 Rb7 43. b4 Rc7 44. Ra5+ Kf6 45. Rc5 Ra7 46. Rc6 Ke5 47. Rc5+ Kf6 48. Kf3 Ra1 49. b5 Rh1 50. Kg2 Rc1 51. b6 Ke7 52. Rc7+ Kd8 53. Rc6 Kd7 54. Rc7+ Kd8 55. c4 Rd1 56. c5 Rxd3 57. cxd6 Rxd6 58. Rb7 Kc8 59. Rxh7 Rxb6 60. Rf7 Rb5 61. Kf3 Kd8 62. Kf4 Rb4+ 63. Kxf5 Rh4 64. e4 Rxh3 65. Ra7 Ke8 66. e5 Rh6 67. Rb7 Rc6 68. Rg7 Rb6 69. Rc7 Ra6 70. Rc1 Rb6 71. Ra1 Rc6 72. Ke4 Ke7 73. Kd5 Rh6 74. Ra7+ Ke8 75. Rb7 Rg6 76. Rh7 Ra6 77. Rc7 Rh6 78. Rc4 Rg6 79. Ra4 Rh6 80. Rg4 Ra6 81. Rg5 Rb6 82. Ke4 Ra6 83. Kf5 Rb6 84. Rg4 Ra6 85. Rb4 Rc6 86. Rb5 Ra6 87. e6 Ra1 88. Rb8+ Ke7 89. Rb7+ Ke8 90. Rb5 Rf1+ 91. Ke5 Re1+ 92. Kd6 Rd1+ 93. Rd5 Rxd5+ 94. Kxd5 Ke7 95. Ke5 Ke8 96. Kf6 Kf8 97. Kg6 Ke7 98. Kf5 Ke8 99. Kf6 Kf8 100. e7+ Ke8 101. Ke6 1/2-1/2


[Site "https://www.chess.com"]

[Event "Titled Tuesday Blitz March 01 Late 2022"]
[White "Golubev, Mikhail"]
[Black "Oye-Stromberg, Alexander"]
[WhiteFideId "14100983"]
[BlackFideId "1525999"]
[WhiteElo "2549"]
[BlackElo "2316"]
[Result "1-0"]
[Round "04"]
[TimeControl "180+1"]
[Date "2022.03.02"]
[WhiteClock "0:00:04"]
[BlackClock "0:00:03"]

1. e4 e6 2. d4 d5 3. Nc3 Bb4 4. e5 c5 5. a3 Bxc3+ 6. bxc3 Qa5 7. Bd2 Qa4 8. h4 Nc6 9. Nf3 Bd7 10. h5 h6 11. dxc5 Qe4+ 12. Be3 Nxe5 13. Nxe5 Qxe5 14. Qd4 Qxd4 15. cxd4 Ne7 16. Bd3 O-O 17. g4 f6 18. f4 e5 19. dxe5 fxe5 20. fxe5 Bxg4 21. Rg1 Bxh5 22. Bxh6 Bg6 23. Bxg6 gxh6 24. Bd3+ Kh8 25. O-O-O Rac8 26. Rh1 Rc6 27. Rde1 Ng8 28. e6 Rxc5 29. Bg6 Rc7 30. Bf7 Re7 31. Reg1 Rfxf7 32. exf7 Rxf7 33. Rd1 Rd7 34. Rh5 Kg7 35. Rhxd5 Rxd5 36. Rxd5 Nf6 37. Rc5 Ne8 38. Re5 Kf7 39. Rf5+ Nf6 40. Rc5 Ne8 41. Kd2 b6 42. Rd5 Ke6 43. Rd3 Nd6 44. Re3+ Kd5 45. Rd3+ Ke6 46. Rh3 Nf5 47. Kd3 Kf6 48. Rh1 Kg5 49. Rg1+ Kf6 50. Ke4 Nd6+ 51. Kd5 Nf5 52. Kc6 Nd4+ 53. Kb7 Nxc2 54. a4 1-0


[Site "https://www.chess.com"]

[Event "Titled Tuesday Blitz March 01 Late 2022"]
[White "Golubovskis, Maksims"]
[Black "Garriga Cazorla, Pere"]
[WhiteFideId "11608528"]
[BlackFideId "32011601"]
[WhiteElo "2404"]
[BlackElo "2698"]
[Result "0-1"]
[Round "04"]
[TimeControl "180+1"]
[Date "2022.03.02"]
[WhiteClock "0:00:04"]
[BlackClock "0:00:41"]

1. e4 c5 2. Nf3 d6 3. d4 cxd4 4. Nxd4 Nf6 5. f3 e5 6. Nb3 a5 7. Be3 a4 8. Nc1 d5 9. Bg5 d4 10. c3 Nc6 11. Bb5 Qb6 12. Bxc6+ bxc6 13. Nd3 Be7 14. cxd4 exd4 15. O-O O-O 16. Nd2 Ba6 17. Qc2 Rfe8 18. Nc4 Qb5 19. Rac1 Qxg5 20. f4 Qb5 21. Nde5 Bf8 22. g4 c5 23. g5 Nd7 24. g6 hxg6 25. Nxd7 Qxd7 26. f5 gxf5 27. Rxf5 Re6 28. Rcf1 Rae8 29. Rxf7 Qxf7 30. Rxf7 Kxf7 31. e5 Bb5 32. b3 axb3 33. Qxb3 Bc6 34. Na5 Be4 35. Nc4 Bd5 36. Nd6+ Rxd6 0-1


[Site "https://www.chess.com"]

[Event "Titled Tuesday Blitz March 01 Late 2022"]
[White "Gracia Alvarez, Gerardo Antonio"]
[Black "Shuvalova, Polina"]
[WhiteFideId "5109124"]
[BlackFideId "24171760"]
[WhiteElo "2476"]
[BlackElo "2663"]
[Result "0-1"]
[Round "04"]
[TimeControl "180+1"]
[Date "2022.03.02"]
[WhiteClock "0:00:01"]
[BlackClock "0:00:02"]

1. c4 e6 2. Nf3 d5 3. e3 Nf6 4. b3 c5 5. Bb2 Nc6 6. cxd5 exd5 7. Bb5 Bd6 8. O-O O-O 9. d4 cxd4 10. Nxd4 Bd7 11. Nxc6 bxc6 12. Bd3 Qc7 13. h3 Be5 14. Qc1 Rfe8 15. Nd2 c5 16. Nf3 Bxb2 17. Qxb2 a5 18. Rac1 a4 19. Qc2 axb3 20. axb3 Rec8 21. Rfd1 Qb6 22. Ne5 Be6 23. g4 h6 24. Rb1 Rab8 25. Rdc1 Qd6 26. Nf3 Nd7 27. Bh7+ Kh8 28. Bf5 Rb6 29. Bxe6 fxe6 30. Nh4 Kg8 31. Ng6 Rcb8 32. Qd3 e5 33. Qf5 R8b7 34. Ra1 Qxg6 35. Ra8+ Nb8 36. Qc8+ Kh7 37. Rxc5 Rxb3 38. Rxd5 Rb1+ 39. Kh2 Qe4 40. Qf5+ Qxf5 41. gxf5 Nc6 42. Rc5 Nb4 43. Rcc8 g5 44. Rh8+ Kg7 45. Rag8+ Kf6 46. Rf8+ Rf7 47. Rxf7+ Kxf7 48. Rxh6 Nd3 49. Kg2 Rb2 50. Rd6 Nxf2 51. Kf3 e4+ 52. Kg3 Nh1+ 53. Kg4 Rg2+ 54. Kh5 Rg3 55. Rc6 Nf2 56. Rd6 Nxh3 57. Rd4 Nf2 58. Rxe4 Nxe4 59. f6 Kxf6 60. Kh6 Kf5 0-1


[Site "https://www.chess.com"]

[Event "Titled Tuesday Blitz March 01 Late 2022"]
[White "Guseinov, Gadir"]
[Black "Harvey, Marcus R"]
[WhiteFideId "13401378"]
[BlackFideId "400092"]
[WhiteElo "2581"]
[BlackElo "2485"]
[Result "1-0"]
[Round "04"]
[TimeControl "180+1"]
[Date "2022.03.01"]
[WhiteClock "0:00:09"]
[BlackClock "0:00:03"]

1. e4 c6 2. d4 d5 3. Nd2 dxe4 4. Nxe4 Nf6 5. Nxf6+ exf6 6. Bd3 Bd6 7. Qh5 g6 8. Qh6 Bf8 9. Qe3+ Qe7 10. Ne2 Qxe3 11. Bxe3 f5 12. O-O-O Bg7 13. Nf4 O-O 14. h4 h5 15. Bc4 b5 16. Bb3 a5 17. Nxg6 a4 18. Ne7+ Kh7 19. Bxf7 Rxf7 20. Nxc8 Nd7 21. Nd6 Rf6 22. Bf4 a3 23. bxa3 Bf8 24. Nb7 Bxa3+ 25. Kb1 Ra4 26. c3 Nb6 27. Rhe1 Nd5 28. Bd2 Ra7 29. Nc5 Bxc5 30. dxc5 Rg6 31. g3 Rg4 32. Re2 Rga4 33. Be1 Ra3 34. Rc1 Kg6 35. Rcc2 Kf6 36. f4 R3a4 37. Bf2 Kf7 38. Bd4 Nf6 39. Re5 Ne4 40. Rxf5+ Kg6 41. Re5 Nxc5 42. Rxc5 b4 43. Rxc6+ Kf5 44. cxb4 Kg4 45. Bb2 Kh3 46. f5 Rxb4 47. f6 Re4 48. R6c4 Re1+ 49. Rc1 Re2 50. Rb4 Re6 51. a3 Rf7 52. Ka2 Re2 53. Rc5 Rd7 54. Rxh5 Rdd2 55. Rhb5 Rf2 56. a4 Rxf6 57. h5 Rf3 58. g4 Kh4 59. h6 Rf7 60. Rb7 Rf8 61. h7 Ra8 62. Rb8 1-0


[Site "https://www.chess.com"]

[Event "Titled Tuesday Blitz March 01 Late 2022"]
[White "Hamley, Ryan"]
[Black "Demchenko, Anton"]
[WhiteFideId "30959497"]
[BlackFideId "4160258"]
[WhiteElo "2588"]
[BlackElo "2539"]
[Result "0-1"]
[Round "04"]
[TimeControl "180+1"]
[Date "2022.03.01"]
[WhiteClock "0:00:08"]
[BlackClock "0:00:05"]

1. d4 Nf6 2. Nf3 d6 3. Nbd2 Bf5 4. g3 Qc8 5. Bg2 Bh3 6. Bxh3 Qxh3 7. e4 Nc6 8. c3 O-O-O 9. Qe2 h6 10. Nc4 e6 11. Bd2 Qg4 12. e5 Nd5 13. O-O-O dxe5 14. h3 Qf5 15. Nfxe5 Nxe5 16. Nxe5 Bd6 17. f4 Rhf8 18. Nd3 Nb6 19. Kb1 Qb5 20. Bc1 a5 21. Qc2 a4 22. Rhe1 g5 23. Ne5 f6 24. c4 Qa6 25. Ng6 Nxc4 26. Nxf8 Rxf8 27. Rxe6 Qb5 28. Ka1 Kb8 29. Rde1 Bb4 30. R1e2 a3 31. b3 Nd6 32. Bd2 Bxd2 33. Qxd2 Qd5 34. Kb1 Qf5+ 35. Qc2 Qxh3 36. Re7 Rc8 37. Qd3 gxf4 38. Rg7 Qf1+ 39. Kc2 f3 40. Rd2 Qa1 41. Qxf3 Qxa2+ 42. Kd1 Qb1+ 43. Ke2 a2 0-1


[Site "https://www.chess.com"]

[Event "Titled Tuesday Blitz March 01 Late 2022"]
[White "Dronavalli, Harika"]
[Black "Caruana, Fabiano"]
[WhiteFideId "5015197"]
[BlackFideId "2020009"]
[WhiteElo "2382"]
[BlackElo "2744"]
[Result "0-1"]
[Round "04"]
[TimeControl "180+1"]
[Date "2022.03.01"]
[WhiteClock "0:00:03"]
[BlackClock "0:01:01"]

1. d4 Nf6 2. c4 e6 3. g3 Bb4+ 4. Bd2 Qe7 5. Bg2 O-O 6. Nc3 Nc6 7. a3 Bxc3 8. Bxc3 d6 9. e3 e5 10. Ne2 Bf5 11. O-O a5 12. d5 Nb8 13. b4 axb4 14. axb4 Rxa1 15. Bxa1 Nbd7 16. f3 Nb6 17. e4 Bd7 18. Qc2 Ra8 19. Rc1 h5 20. Bf1 h4 21. c5 Na4 22. Kf2 hxg3+ 23. hxg3 Nh5 24. Bg2 Bb5 25. Nc3 Nxc3 26. Qxc3 Qg5 27. g4 Nf4 28. Bf1 Qh4+ 29. Ke3 Ra2 30. Qe1 Bxf1 31. Qxh4 Ng2# 0-1


[Site "https://www.chess.com"]

[Event "Titled Tuesday Blitz March 01 Late 2022"]
[White "Hoffmann, Asa"]
[Black "Suder, Jakub"]
[WhiteFideId "2001470"]
[BlackFideId "1195310"]
[WhiteElo "2117"]
[BlackElo "2058"]
[Result "0-1"]
[Round "04"]
[TimeControl "180+1"]
[Date "2022.03.02"]
[WhiteClock "0:00:24"]
[BlackClock "0:00:26"]

1. d4 d5 2. Bg5 c6 3. e3 h6 4. Bh4 Qb6 5. b3 e5 6. Nf3 Nd7 7. Be2 exd4 8. exd4 Bd6 9. O-O Ngf6 10. Nbd2 O-O 11. c4 Qc7 12. Rc1 Re8 13. Re1 Qa5 14. a4 Bb4 15. Bd3 Rxe1+ 16. Qxe1 Ne4 17. Rc2 Nxd2 18. Nxd2 Nf8 19. Qe2 Be6 20. Nf3 dxc4 21. Bxc4 Re8 22. h3 Ng6 23. Bg3 Qd8 24. Bxe6 Rxe6 25. Qc4 Bd6 26. Bxd6 Rxd6 27. Re2 Nf4 28. Re4 Ne6 29. b4 a6 30. b5 cxb5 31. axb5 axb5 32. Qxb5 Qd7 33. Qb4 Qc7 34. g3 Qc6 35. Re3 Qd5 36. Rd3 b5 37. Qb3 Kf8 38. Qxd5 Rxd5 39. Kf1 g5 40. Ke2 h5 41. Ke3 Ke7 42. Rc3 Kd6 43. Rb3 f6 44. Ra3 Nc7 45. Ra6+ Nxa6 0-1


[Site "https://www.chess.com"]

[Event "Titled Tuesday Blitz March 01 Late 2022"]
[White "Ibadov, Dashgyn"]
[Black "Gatterer, Florian"]
[WhiteFideId "24107514"]
[BlackFideId "811688"]
[WhiteElo "2084"]
[BlackElo "2218"]
[Result "1-0"]
[Round "04"]
[TimeControl "180+1"]
[Date "2022.03.02"]
[WhiteClock "0:00:44"]
[BlackClock "0:00:33"]

1. e4 e5 2. Nf3 Nf6 3. d4 Nxe4 4. Bd3 d5 5. Nxe5 Bd6 6. Nd2 Nxd2 7. Bxd2 O-O 8. O-O Nd7 9. Nxd7 Bxd7 10. c3 c6 11. Qh5 g6 12. Qf3 f5 13. Bf4 Qc7 14. Bxd6 Qxd6 15. Rae1 Rae8 16. g3 Rxe1 17. Rxe1 Re8 18. Rxe8+ Bxe8 19. Qe3 Bf7 20. h4 Qe6 21. Qf4 Qe1+ 22. Kg2 Qd1 23. Qb8+ Kg7 24. Qe5+ Kg8 25. Be2 Qd2 26. h5 gxh5 27. Bf3 Qxb2 28. Qxf5 Qxc3 29. Qg5+ Kf8 30. Qd8+ Kg7 31. Qg5+ Kf8 32. Qf6 Kg8 33. Qe5 Bg6 34. Qb8+ Kg7 35. Qxb7+ Kh6 36. Qxa7 h4 37. gxh4 Qd2 38. Qe7 Qxd4 39. Qf8+ Qg7 40. Qf4# 1-0


[Site "https://www.chess.com"]

[Event "Titled Tuesday Blitz March 01 Late 2022"]
[White "Ibarra Jerez, Jose Carlos"]
[Black "Kanyamarala, Tarun"]
[WhiteFideId "2226332"]
[BlackFideId "45004714"]
[WhiteElo "2626"]
[BlackElo "2144"]
[Result "1-0"]
[Round "04"]
[TimeControl "180+1"]
[Date "2022.03.01"]
[WhiteClock "0:00:05"]
[BlackClock "0:00:01"]

1. e4 c5 2. Nc3 Nc6 3. Nge2 Nf6 4. d4 cxd4 5. Nxd4 e5 6. Ndb5 d6 7. Bg5 a6 8. Na3 b5 9. Bxf6 gxf6 10. Nd5 Bg7 11. g3 Ne7 12. Nxe7 Qxe7 13. Bg2 d5 14. O-O O-O 15. c3 dxe4 16. Bxe4 Bb7 17. Bxb7 Qxb7 18. Qg4 Rad8 19. Nc2 Qd7 20. Qh5 Qd3 21. Ne3 Qg6 22. Qh3 Qh6 23. Qxh6 Bxh6 24. Nf5 Bd2 25. Rad1 Rd7 26. f3 Rfd8 27. Kg2 a5 28. Rf2 h5 29. Re2 Kh7 30. Ne7 Bxc3 31. Rxd7 Rxd7 32. Nc6 Bd2 33. Nb8 Rd6 34. Kf2 Bb4 35. Rc2 f5 36. Nc6 e4 37. a3 Bd2 38. Ke2 e3 39. f4 h4 40. Ne5 hxg3 41. hxg3 f6 42. Nf3 Kg6 43. Nh4+ Kh5 44. Nxf5 Rd5 45. Nxe3 Bxe3 46. Kxe3 Kg4 47. Rc3 f5 48. Ke2 b4 49. axb4 axb4 50. Rb3 Rd4 51. Ke3 Rc4 52. Kd3 Re4 53. Kd2 Rd4+ 54. Kc2 Re4 55. Rd3 Rc4+ 56. Kb3 Re4 57. Ka4 Kh3 58. b3 Kg4 59. Kb5 Kh3 60. Rd5 Kg4 61. Rd3 Kh3 62. Ka5 Kg4 63. Ka4 Kh3 64. Rd5 Kg4 65. Rb5 Re3 66. Rxb4 Rxg3 67. Rc4 Rf3 68. b4 Rxf4 69. Rxf4+ Kxf4 70. b5 Ke3 71. b6 f4 72. b7 f3 73. b8=Q f2 74. Qg3+ Ke2 75. Qg2 Ke1 76. Qe4+ Kf1 77. Qh1+ Ke2 78. Qh2 Ke3 79. Qg2 Ke2 80. Kb3 Ke1 81. Qe4+ Kd2 82. Qg2 Ke1 83. Kc3 f1=Q 84. Qd2# 1-0


[Site "https://www.chess.com"]